 Dungeon Crawl Stone Soup version 0.28.0-1-gb440e238dd (webtiles) character file.

Game seed: 6925110286045423003

179 issech the Cudgeller (level 5, -21/53 HPs)
             Began as a Troll Monk on Feb 25, 2022.
             Killed from afar by an orc (40 damage)
             ... with a bolt of acid
             ... on level 4 of the Dungeon.
             The game lasted 00:06:20 (2257 turns).

issech the Cudgeller (Troll Monk)                   Turns: 2257, Time: 00:06:21

Health: -21/53     AC:  4    Str: 19    XL:     5   Next: 32%
Magic:  4/4        EV: 10    Int:  6    God:
Gold:   104        SH:  5    Dex: 14    Spells: 4/4 levels left

rFire   . . .      SeeInvis .   a - +0 mace
rCold   . . .      Faith    .   (no shield)
rNeg    . . .      Spirit   .   b - +0 robe
rPois   .          Reflect  +   (helmet restricted)
rElec   .          Harm     .   (no cloak)
rCorr   .          Rampage  .   (gloves unavailable)
Will    .....                   (boots unavailable)
Stlth   ++........              m - amulet of reflection
HPRegen 0.97/turn               k - ring of wizardry
MPRegen 0.09/turn               (no ring)

@: no status effects
A: large, unfitting armour, claws 3, regeneration 1, shaggy fur 1, tough skin 1
a: no special abilities


You were on level 4 of the Dungeon.
You visited 1 branch of the dungeon, and saw 4 of its levels.

You collected 104 gold pieces.

Inventory:

Hand Weapons
 a - a +0 mace (weapon)
 h - a +1 dagger of venom
 n - a +0 vorpal falchion
Missiles
 c - 137 stones (quivered)
 d - 19 bolts
 g - 62 sling bullets
 l - 84 arrows
Armour
 b - a +0 robe (worn)
Magical Staves
 i - a staff of air
Jewellery
 k - a ring of wizardry (left claw)
 m - an amulet of reflection (around neck)
 p - a +6 ring of strength
 t - an amulet of magic regeneration
Scrolls
 j - a scroll of amnesia
 q - 2 scrolls of teleportation
 r - a scroll of enchant weapon
Potions
 e - a potion of invisibility {unknown}
 f - 2 potions of berserk rage {unknown}
 o - a potion of degeneration {unknown}
 s - a potion of curing {unknown}


   Skills:
 + Level 3.1 Fighting
 + Level 4.3 Maces & Flails
 + Level 3.1 Dodging
 + Level 1.4 Stealth


You had 4 spell levels left.
You didn't know any spells.
Your spell library was empty.

Dungeon Overview and Level Annotations

Branches:
Dungeon (4/15)
 Temple: D:4-7

Altars:
Gozag

Shops:
D:2 *


Innate Abilities, Weirdness & Mutations

You are too large for most types of armour.
You have claws for hands.
Your natural rate of healing is unusually fast.
You are covered in fur. (AC +1)
You have tough skin. (AC +1)


Message History

You see here a jackal corpse.
Found a stone staircase leading down.
There is a stone staircase leading down here.
A ball python comes into view.
Found a stone staircase leading down.
The ball python hisses angrily.
The ball python bites you.
An iguana comes into view.
You barely miss the ball python. The ball python closely misses you.
You closely miss the ball python.
The ball python bites you but does no damage.
The ball python closely misses you.
You sock the ball python!
You kill the ball python!
You see here a ball python corpse.
There is a stone staircase leading down here.
An orc comes into view.
It is wielding a +0 club and carrying a wand of acid (8).
The orc moves out of view.
Found a stone staircase leading up.
The orc shouts!
Found a red potion.
The iguana hisses angrily.
The orc hits you with a +0 club.
You hit the orc.
The orc is heavily wounded.
The iguana barely misses you. The orc hits you with a +0 club.
A phantom comes into view.
The iguana bites you! You block the iguana's attack.
The orc zaps a wand.
The bolt of acid hits you!! The acid corrodes you!
The iguana hisses menacingly.
The orc zaps a wand.
The bolt of acid hits you!!
* * * LOW HITPOINT WARNING * * *
There is a stone staircase leading down here.
You see here a ball python corpse.
There is a stone staircase leading down here.
You are no longer corroded.
The orc zaps a wand.
The bolt of acid hits you!!!
Ouch! That really hurt!
You die...

#†# #.# #.# #.# #.# #.#
#######.########
................
#######@######## #...###
########## #.#...#
#.o†>l...##
........#.###.######..##
#####...#.ol#>#####..#.#
#.#####.........###. #.
#.....#####..#.# ##
#.##### ##..## ... #.# #


You could see an orc.

Vanquished Creatures
  A hound (D:4)
  An iguana (D:4)
  Natasha (D:3)
  5 adders
  A dart slug (D:1)
  3 orcs (D:3)
  4 endoplasms
  2 giant cockroaches
  2 goblins
  3 hobgoblins
  5 jackals
  3 kobolds
  3 quokkas
  2 ball pythons
  3 bats (D:1)
  2 frilled lizards
  7 rats
48 creatures vanquished.

Notes
Turn   | Place    | Note
-------+----------+-------------------------------------------
     0 | D:1      | issech the Troll Monk began the quest for the Orb.
     0 | D:1      | Reached XP level 1. HP: 22/22 MP: 0/0
   209 | D:1      | Reached XP level 2. HP: 29/29 MP: 1/1
   344 | D:1      | Found a faded altar of an unknown god.
   428 | D:1      | Reached skill level 3 in Maces & Flails
   830 | D:2      | Reached XP level 3. HP: 32/36 MP: 2/2
  1057 | D:2      | Found an opulent altar of Gozag.
  1105 | D:2      | Found Ruesif's General Store.
  1453 | D:3      | Noticed Natasha
  1467 | D:3      | Killed Natasha
  1468 | D:3      | Reached XP level 4. HP: 19/44 MP: 3/3
  1668 | D:3      | Identified the +0 leather armour of Voapliew {-Cast rF++
                  | Str+6}
  2050 | D:4      | Reached skill level 4 in Maces & Flails
  2112 | D:4      | Reached XP level 5. HP: 38/53 MP: 4/4
  2236 | D:4      | Noticed a phantom
  2257 | D:4      | Killed from afar by an orc

Illustrated notes

Levels and vault maps discovered:
D:1:      onia_arrival_mini_maze_b, layout_rooms,
          shapermc_ecumenical_altar_petra, chequers_serial_rivers_room_b,
          chequers_serial_rivers_small_3, minmay_cut_off
D:2:      layout_rooms, serial_rivers, chequers_serial_rivers_room_a,
          chequers_serial_rivers_large_b, chequers_serial_rivers_micro_c,
          chequers_serial_rivers_micro_e, chequers_serial_rivers_small_a,
          chequers_serial_rivers_micro_d, serial_shops,
          nicolae_shop_behind_doors, basic_altar
D:3:      layout_basic, uniq_natasha
D:4:      layout_loops_ring

Skill      XL: |  1  2  3  4 |
---------------+-------------+-----
Maces & Flails | 3 4 |  4.3
Dodging        | 3 |  3.1
Fighting       | 3 |  3.1
Stealth        | |  1.4

Action                   |  1- 3 |  4- 6 || total
-------------------------+-------+-------++-------
Melee: Mace              |   101 |    67 ||   168
       Punch             |     1 |     2 ||     3
  Use: Scroll            |       |     3 ||     3
 Stab: Sleeping          |     1 |     1 ||     2
Armor: Robe              |    44 |    19 ||    63
Dodge: Dodged            |    72 |    30 ||   102
Block: Other             |     6 |    18 ||    24
       Reflection        |     1 |       ||     1
